 Dungeon Crawl Stone Soup version 0.29-a0-234-g0dae59b3db (webtiles) character file.

Game seed: 7088462704990262840

245 siradein the Grave Robber (level 6, -3/45 HPs)
             Began as a Ghoul Necromancer on Mar 2, 2022.
             Slain by an ogre
             ... wielding a +0 giant club
              (21 damage)
             ... on level 5 of the Dungeon.
             The game lasted 00:09:54 (5522 turns).

siradein the Grave Robber (Ghoul Necromancer)       Turns: 5522, Time: 00:09:54

Health: -3/45      AC:  2    Str: 14    XL:     6   Next: 10%
Magic:  1/10       EV: 12    Int: 12    God:
Gold:   212        SH:  0    Dex:  9    Spells: 8/12 levels left

rFire   + + .      SeeInvis .   l - +8 rapier of Defenestration {freeze, Str+2}
rCold   + . .      Faith    .   (no shield)
rNeg    + + +      Spirit   .   a - +0 robe
rPois   ∞          Reflect  .   (no helmet)
rElec   .          Harm     .   (no cloak)
rCorr   .          Rampage  .   (no gloves)
Will    .....                   (no boots)
Stlth   ++........              (no amulet)
HPRegen 0.00/turn               b - ring of protection from fire
MPRegen 0.12/turn               k - ring of protection from fire

@: inhibited regen
A: claws 1, cold resistance 1, negative energy resistance 3, inhibited
regeneration, torment resistance 2
a: no special abilities


You were on level 5 of the Dungeon.
You visited 1 branch of the dungeon, and saw 5 of its levels.

You collected 212 gold pieces.

Inventory:

Hand Weapons
 d - a +0 dagger of protection
 l - the +8 rapier of Defenestration (weapon) {freeze, Str+2}
   (You found it on level 3 of the Dungeon)

   It freezes those it strikes, dealing additional cold damage.
   It can also slow down cold-blooded creatures.
   Str:       It affects your strength (+2).
Armour
 a - a +0 robe (worn)
Jewellery
 b - a ring of protection from fire (left claw)
 k - a ring of protection from fire (right claw)
Scrolls
 c - a scroll of acquirement
 e - a scroll of magic mapping
 g - 2 scrolls of fear
 h - a scroll of summoning
 i - a scroll of amnesia {unknown}
 m - a scroll of teleportation {unknown}
 p - a scroll of fog {unknown}
 r - a scroll of enchant armour {unknown}
Potions
 f - a potion of haste
 j - a potion of heal wounds {unknown}
 n - a potion of attraction {unknown}
 o - 3 potions of might
 q - a potion of resistance {unknown}


   Skills:
 - Level 1.7 Dodging
 - Level 2.1 Stealth
 + Level 3.8 Spellcasting
 + Level 5.8 Necromancy


You had 8 spell levels left.
You knew the following spells:

 Your Spells              Type           Power      Damage    Failure   Level
a - Pain                  Necr           64%        1d7       1%          1
b - Vampiric Draining     Necr           16%        2d7       6%          3

Your spell library contained the following spells:

 Spells                   Type           Power      Damage    Failure   Level
 Animate Skeleton         Necr           32%        N/A       1%          1
 Animate Dead             Necr           8%         N/A       21%         4
 Agony                    Necr           16%        N/A       50%         5
 Summon Lightning Spire   Summ/Air       2%         N/A       92%         4
 Maxwell's Capacitive Co  Air            1%         ∞         100%        8
 Storm Form               Tmut/Air       Unusable   N/A       N/A         7

Dungeon Overview and Level Annotations

Branches:
Dungeon (5/15)
 Temple: D:4-7

Altars:
Fedhas
Trog


Innate Abilities, Weirdness & Mutations

You thrive by killing the living.
You are immune to poison.
You have sharp fingernails.
Your flesh is cold resistant. (rC+)
You are immune to negative energy. (rN+++)
You do not regenerate when monsters are visible.
You are immune to unholy pain and torment.


Message History

An ogre is nearby!
An ogre is nearby!
Casting: Pain (safe; 1% risk of failure)
Confirm with . or Enter, or press ? or * to list all spells.
Aiming: Pain (safe; 1% risk of failure)
Press: ? - help, Shift-Dir - straight line, f - ogre
Aim: an ogre, wielding a +0 giant club (wandering, hasn't noticed you, chance to affect: 73%)
The ogre shouts!
The ogre struggles to resist.
Casting: Pain (safe; 1% risk of failure)
Confirm with . or Enter, or press ? or * to list all spells.
Aiming: Pain (safe; 1% risk of failure)
Press: ? - help, Shift-Dir - straight line, f/p - ogre
Aim: an ogre, wielding a +0 giant club (chance to affect: 73%)
The ogre writhes in agony.
Casting: Pain (safe; 1% risk of failure)
Confirm with . or Enter, or press ? or * to list all spells.
Aiming: Pain (safe; 1% risk of failure)
Press: ? - help, Shift-Dir - straight line, f/p - ogre
Aim: an ogre, wielding a +0 giant club (lightly wounded, chance to affect: 73%)
The ogre struggles to resist.
Casting: Pain (safe; 1% risk of failure)
Confirm with . or Enter, or press ? or * to list all spells.
Aiming: Vampiric Draining (dangerous; 6% risk of failure)
Press: ? - help, Shift-Dir - straight line, f/p - ogre
Aim: an ogre, wielding a +0 giant club (lightly wounded)
You draw life force from the ogre!
You feel life coursing into your body. The ogre barely misses you.
Casting: Vampiric Draining (dangerous; 6% risk of failure)
Confirm with . or Enter, or press ? or * to list all spells.
Aiming: Vampiric Draining (dangerous; 6% risk of failure)
Press: ? - help, Shift-Dir - straight line, f/p - ogre
Aim: an ogre, wielding a +0 giant club (moderately wounded)
You draw life force from the ogre.
You feel life coursing into your body. The ogre hits you with a +0 giant club!
Unknown command.
You hit the ogre. You freeze the ogre.
The ogre is severely wounded.
The ogre hits you with a +0 giant club!!
You die...

# .. ... .. #.#.####
#......# #.# ##+## #)#
##...## #@# #.....##
######O# .......##
#>..##.#
........###....#.######
........'...............
........#........#######
.......##......<##
#.....#####...###
##...## #...#


You could see an ogre.

Vanquished Creatures
  An ogre (D:5)
  An iguana (D:5)
  4 adders
  A worm (D:1)
  4 dart slugs
  An orc (D:3)
  4 bats
  8 endoplasms
  5 giant cockroaches
  9 goblins
  9 hobgoblins
  8 jackals
  3 quokkas (D:3)
  9 ball pythons
  A frilled lizard (D:3)
  10 kobolds
  5 rats
83 creatures vanquished.

Notes
Turn   | Place    | Note
-------+----------+-------------------------------------------
     0 | D:1      | siradein the Ghoul Necromancer began the quest for the Orb.
     0 | D:1      | Reached XP level 1. HP: 14/14 MP: 2/2
   241 | D:1      | Reached XP level 2. HP: 19/20 MP: 0/4
  1033 | D:1      | Reached XP level 3. HP: 26/26 MP: 0/5
  1037 | D:1      | Learned a level 3 spell: Vampiric Draining
  1263 | D:1      | Identified a scroll of acquirement
  1806 | D:1      | HP: 1/26 [worm (7)]
  2449 | D:1      | Reached XP level 4. HP: 30/33 MP: 1/7
  3336 | D:2      | Found a faded altar of an unknown god.
  3496 | D:2      | Reached skill level 5 in Necromancy
  4105 | D:3      | Identified the +8 rapier of Defenestration {freeze, Str+2}
  4140 | D:3      | Found a blossoming altar of Fedhas.
  4419 | D:3      | Reached XP level 5. HP: 38/38 MP: 8/8
  4901 | D:4      | Noticed an acid dragon
  5066 | D:4      | Found a bloodstained altar of Trog.
  5147 | D:5      | Entered Level 5 of the Dungeon
  5446 | D:5      | Noticed an ogre
  5453 | D:5      | Killed an ogre
  5454 | D:5      | Reached XP level 6. HP: 12/45 MP: 6/10
  5522 | D:5      | Slain by an ogre

Illustrated notes

Levels and vault maps discovered:
D:1:      mainiacjoe_arrival_reflecting_pool, layout_basic
D:2:      layout_rooms, nicolae_ecumenical_snake_handling,
          kennysheep_flooded_box
D:3:      layout_loops_ring, fedhas_altar_1
D:4:      layout_rooms, general_overflow_altar, old_standard_altar, uniq_natasha
D:5:      minmay_chambers_of_fours, layout_loops_corners, uniq_eustachio

Skill      XL: |  1  2  3  4 |
---------------+-------------+-----
Spellcasting   | 2 3 |  3.8
Necromancy     | 5 |  5.8
Dodging        | |  1.7
Stealth        | |  2.1

Action                   |  1- 3 |  4- 6 || total
-------------------------+-------+-------++-------
Melee: Unarmed           |    12 |       ||    12
       Dagger            |    27 |    19 ||    46
       Rapier            |       |    36 ||    36
 Cast: Pain              |    66 |    72 ||   138
       Vampiric Draining |       |     2 ||     2
  Use: Scroll            |     5 |     2 ||     7
 Stab: Sleeping          |       |     2 ||     2
Armor: Robe              |    14 |    10 ||    24
Dodge: Dodged            |    43 |    52 ||    95

Table legend: (Time is in decaauts)
 A = Elapsed time spent in this place.
 B = Non-inter-level travel time spent in this place.
 C = Inter-level travel time spent in this place.
 D = Time resting spent in this place.
 E = Time spent auto-exploring this place.
 F = Levels seen in this place.
 G = Mean time per level.
                   A        B        C        D        E       F      G
               +--------+--------+--------+--------+--------+-----+--------+
         Total |   5532 |   5415 |    117 |    652 |   3890 |   5 | 1106.4 |
       Dungeon |   5532 |   5415 |    117 |    652 |   3890 |   5 | 1106.4 |
               +--------+--------+--------+--------+--------+-----+--------+

Top non-repeatable levels by time:
     D:1: 2982 daAuts
     D:2: 1009 daAuts
     D:3: 814 daAuts
     D:5: 376 daAuts
     D:4: 350 daAuts
